 Dungeon Crawl Stone Soup version 0.31-a0-441-g867994ef1c (webtiles) character file.

Game seed: 1048283337291836328

175 redmage the Digger (level 6, -3/45 HPs)
             Began as a Meteoran Earth Elementalist on Aug 2, 2023.
             Was an Initiate of Sif Muna.
             Slain by a scorpion (5 damage)
             ... on level 5 of the Dungeon.
             The game lasted 00:06:42 (304 turns).

redmage the Digger (Meteoran Earth Elementalist)     Turns: 304, Time: 00:06:43

Health: -3/45      AC:  2    Str: 16    XL:     6   Next: 11%
Magic:  11/11      EV: 12    Int: 18    God:    Sif Muna [......]
Gold:   26         SH:  0    Dex: 15    Spells: 5/11 levels left

rFire   . . .        f - +4 trident
rCold   . . .        (no shield)
rNeg    . . .        a - +0 robe
rPois   .            (no helmet)
rElec   .            (no cloak)
rCorr   .            (no gloves)
SInv    .            (no boots)
Will    .....        g - amulet of faith
Stlth   +            d - +6 ring of strength
HPRegen 0.27/turn    (no ring)
MPRegen 0.12/turn

%: faith
@: lethally poisoned (-3 -> -10), glowing
A: sense surroundings 1, otherworldly, glowing, explore regen
a: Renounce Religion


You were on level 5 of the Dungeon.
You worshipped Sif Muna.
Sif Muna was noncommittal.
You visited 1 branch of the dungeon, and saw 5 of its levels.

You collected 26 gold pieces.

Inventory:

Hand Weapons
 f - a +4 trident (weapon)
Missiles
 c - 5 poisoned darts (quivered)
 e - 4 curare-tipped darts
Armour
 a - a +0 robe (worn)
Jewellery
 d - a +6 ring of strength (left hand)
 g - an amulet of faith (around neck)
Talismans
 h - a beast talisman
Scrolls
 i - a scroll of torment


   Skills:
 - Level 2.4 Dodging
 - Level 1.4 Stealth
 - Level 3.2 Spellcasting
 * Level 1.6 Conjurations
 - Level 1.2 Transmutations
 * Level 6.5 Earth Magic
 * Level 1.3 Invocations


You had 5 spell levels left.
You knew the following spells:

 Your Spells              Type           Power      Damage    Failure   Level
a - Sandblast             Erth           52%        2d12      1%          1
b - Passwall              Tmut/Erth      13%        N/A       4%          2
c - Stone Arrow           Conj/Erth      34%        3d9       9%          3

Your spell library contained the following spells:

 Spells                   Type           Power      Damage    Failure   Level
 Petrify                  Tmut/Erth      16%        N/A       32%         4


Dungeon Overview and Level Annotations

Branches:
Dungeon (5/15) Zot: 2684
 Temple: D:4-7

Altars:
Dithmenos
Elyvilon
Okawaru
Sif Muna


Innate Abilities, Weirdness & Mutations

You passively map a small area around you.
You are easily found by Zot.
You glow in the dark.
You regain HP and MP as you explore.


Message History

Confirm with . or Enter, or press ? or * to list all spells.
Aiming: Sandblast (safe; 1% risk of failure)
Press: ? - help, Shift-Dir - straight line, f/p - scorpion
Aim: a scorpion (severely wounded, 83% to hit)
The blast of sand misses the scorpion.
The blast of sand hits the iguana.
The iguana is moderately wounded.
You feel very sick. The scorpion closely misses you.
The scorpion barely misses you.
Unknown command.
Casting: Sandblast (safe; 1% risk of failure)
Confirm with . or Enter, or press ? or * to list all spells.
Aiming: Sandblast (safe; 1% risk of failure)
Press: ? - help, Shift-Dir - straight line, f/p - scorpion
Aim: a scorpion (severely wounded, 83% to hit)
The blast of sand hits the scorpion but does no damage.
The scorpion is severely wounded.
You feel sick. The scorpion stings you!
The iguana bites you but does no damage.
The scorpion stings you.
The iguana bites you but does no damage.
Unknown command.
Casting: Sandblast (safe; 1% risk of failure)
Confirm with . or Enter, or press ? or * to list all spells.
Aiming: Sandblast (safe; 1% risk of failure)
Press: ? - help, Shift-Dir - straight line, f/p - scorpion
Aim: a scorpion (severely wounded, 83% to hit)
The blast of sand hits the scorpion.
The scorpion is almost dead.
You feel sick. The scorpion stings you.
You are more poisoned.
The scorpion poisons you! The iguana bites you!
* * * LOW HITPOINT WARNING * * *
Unknown command.
Magic courses through your body.
* * * LOW HITPOINT WARNING * * *
You feel very sick. The scorpion stings you.
* * * LOW HITPOINT WARNING * * *
The iguana barely misses you. The scorpion stings you.
You die...

, ..........#
..........# , , , ,
, .......[.<# #### ,
,..........##...# ,
...............# , ,
, ...............# *
* *#+###.....##...#
, *#..###.....# ...#
, * ,..........@#
.....
.........ls##.#.#.#.
...........†).(.....
,, ,,
...........##.#.#.#.
* ...........# >l. ,
, ...........# .#.#
*, ...........#
..... , *
..########## .# #.#
.. ...


You could see a scorpion and an iguana.

Vanquished Creatures
  An ogre (D:5)
  A hound (D:4)
  Jessica (D:2)
  2 adders
  An orc (D:5)
  An endoplasm (D:1)
  A giant cockroach (D:2)
  A goblin (D:1)
  A hobgoblin (D:1)
  2 ball pythons
12 creatures vanquished.

Notes
Turn   | Place    | Note
-------+----------+-------------------------------------------
     0 | D:1      | redmage the Meteoran Earth Elementalist began the quest for
                  | the Orb.
     0 | D:1      | Reached XP level 1. HP: 14/14 MP: 5/5
    36 | D:1      | Reached skill level 4 in Earth Magic
    71 | D:2      | Reached XP level 2. HP: 20/20 MP: 6/6
    76 | D:2      | Learned a level 2 spell: Passwall
    82 | D:2      | Noticed Jessica
    83 | D:2      | Killed Jessica
    84 | D:2      | Reached skill level 5 in Earth Magic
    84 | D:2      | Reached XP level 3. HP: 26/26 MP: 5/8
    88 | D:2      | Learned a level 3 spell: Stone Arrow
   178 | D:3      | Reached XP level 4. HP: 33/33 MP: 6/9
   241 | D:4      | Found a shimmering blue altar of Sif Muna.
   241 | D:4      | Found a shadowy altar of Dithmenos.
   242 | D:4      | Found an iron altar of Okawaru.
   248 | D:4      | Became a worshipper of Sif Muna the Loreminder
   257 | D:4      | Found a white marble altar of Elyvilon.
   267 | D:5      | Entered Level 5 of the Dungeon
   286 | D:5      | Noticed an ogre
   292 | D:5      | Killed an ogre
   293 | D:5      | Reached skill level 1 in Conjurations
   293 | D:5      | Reached skill level 6 in Earth Magic
   293 | D:5      | Reached skill level 1 in Invocations
   293 | D:5      | Reached XP level 5. HP: 38/38 MP: 7/10
   293 | D:5      | Reached XP level 6. HP: 45/45 MP: 7/11
   304 | D:5      | HP: 2/45 [scorpion (1)]
   304 | D:5      | Slain by a scorpion

Illustrated notes

Levels and vault maps discovered:
D:1:      dpeg_arrival_round_b, layout_basic,
          shapermc_ecumenical_altar_notcrosses, serial_shops, shop
D:2:      layout_loops_corners, basic_altar, uniq_jessica
D:3:      layout_loops_corners, nicolae_wu_jian_wuxing_cycle,
          kiku_gazebo_pond_becter, serial_bayou_pond_e
D:4:      layout_loops_ring, nicolae_overflow_quartered_altars,
          nicolae_the_louvre
D:5:      layout_gridville, serial_rivers, chequers_serial_rivers_small_3,
          chequers_serial_rivers_small_a, chequers_serial_rivers_micro_d,
          chequers_serial_rivers_small_a, chequers_serial_rivers_micro_b,
          chequers_serial_rivers_room_b, st_stairs_10

Skill      XL: |  1  2  3  4 |
---------------+-------------+-----
Earth Magic    | 4 5 6 |  6.5
Spellcasting   | 3 |  3.2
Conjurations   | 1 |  1.6
Invocations    | 1 |  1.3
Dodging        | |  2.4
Stealth        | |  1.4
Transmutations | |  1.2

Action                     |  1- 3 |  4- 6 || total
---------------------------+-------+-------++-------
  Throw: Dart              |       |     1 ||     1
   Cast: Sandblast         |    10 |    15 ||    25
Ability: Begin Untransform |       |     1 ||     1
    Use: Scroll            |       |     2 ||     2
         Potion            |       |     1 ||     1
 Armour: Robe              |       |     3 ||     3
  Dodge: Dodged            |       |     4 ||     4
   Form: Beast             |       |     1 ||     1

Table legend: (Time is in decaauts)
 A = Elapsed time spent in this place.
 B = Non-inter-level travel time spent in this place.
 C = Inter-level travel time spent in this place.
 D = Time resting spent in this place.
 E = Time spent auto-exploring this place.
 F = Levels seen in this place.
 G = Mean time per level.
                   A        B        C        D        E       F      G
               +--------+--------+--------+--------+--------+-----+--------+
         Total |    314 |    314 |      0 |      0 |      0 |   5 |   62.8 |
       Dungeon |    314 |    314 |      0 |      0 |      0 |   5 |   62.8 |
               +--------+--------+--------+--------+--------+-----+--------+

Top non-repeatable levels by time:
     D:2: 94 daAuts
     D:4: 69 daAuts
     D:3: 56 daAuts
     D:1: 52 daAuts
     D:5: 42 daAuts
